AoeStats
← Malelf

Four Lakes

507983664Analyzed
1v1 RM · 11d ago on Sep 20, 2026· 46m 30s· 2 players
Game mode
Random Map
Map size
Tiny (2 player)
Population
200
Speed
Normal
Resources
Standard
Victory
Conquest
Starting age
Dark Age
Ending age
Imperial Age
RankedLock teamsTeams togetherTeam positionsShared explorationLock speedFull tech treeHidden civsTurbo modeCheats
Victory
Defeat
🇮🇹 Khitans · Italy
1657
+14
🇨🇭 Franks · Switzerland
1610
-14
G1NCo
7:57 Loom
10:53 Feudal Age
20:04 Castle Age
18:53 Scale Barding Armor
19:34 Forging
21:16 Chain Barding Armor
21:32 Iron Casting
21:54 Husbandry
23:20 Double-Bit Axe
25:52 Scale Mail Armor
25:17 Pikeman
26:15 Gold Mining
29:58 Gold Shaft Mining
29:21 Fishing Lines
31:04 Gillnets
32:06 Wheelbarrow
35:58 Imperial Age
35:26 Gambesons
35:41 Squires
36:12 Cavalier
37:28 Plate Barding Armor
38:06 Blast Furnace
37:22 Elite Skirmisher
38:26 Fletching
40:11 Padded Archer Armor
41:12 Chemistry
42:03 Hand Cart
42:34 Leather Archer Armor
42:29 Light Cavalry
44:36 Town Watch
Malelf
9:28 Loom
11:18 Feudal Age
12:32 Fishing Lines
14:48 Domestication
16:03 Forging
15:46 Double-Bit Axe
16:16 Scale Barding Armor
19:37 Castle Age
18:09 Gold Mining
19:58 Light Cavalry
21:01 Chain Barding Armor
21:29 Iron Casting
22:15 Wheelbarrow
24:27 Husbandry
28:08 Fletching
29:36 Bow Saw
29:44 Pastoralism
29:53 Bodkin Arrow
31:02 Ballistics
30:44 Padded Archer Armor
30:36 Heavy Cavalry Archer
31:22 Stone Mining
32:12 Hand Cart
32:34 Loom
36:03 Medium Warships
36:32 Leather Archer Armor
39:20 Imperial Age
38:48 Town Watch
39:38 Gillnets
39:27 Heavy Camel Rider
40:45 Plate Barding Armor
40:11 Bracer
41:14 Chemistry
40:20 Siege Engineers
40:26 Masonry
41:21 Two-Man Saw
40:53 Transhumance
41:13 Conscription
43:53 Ordo Cavalry
45:00 Hussar
47:35 Stone Shaft Mining
46:47 Town Watch
Connection lost

Rejoining the realm…

Still unreachable

The connection could not be restored.

Session expired

The server has moved on; the page needs a fresh start.